 Dungeon Crawl Stone Soup version 0.17-a0-1939-ga475588 (webtiles) character file.

105 4thArraOfDagon the Chopper (level 4, -12/38 HPs)
             Began as a Centaur Berserker on Sept 29, 2015.
             Was a Follower of Trog.
             Mangled by an orc warrior
             ... wielding a +0 scimitar
              (14 damage)
             ... on level 5 of the Dungeon.
             The game lasted 00:03:06 (521 turns).

4thArraOfDagon the Chopper (Centaur Berserker)       Turns: 521, Time: 00:03:06

Health: -12/38     AC:  6    Str: 24    XL:     4   Next: 54%
Magic:  4/4        EV:  8    Int:  3    God:    Trog [*.....]
Gold:   56         SH:  0    Dex:  9    Spells: 0 memorised, 3 levels left

rFire  . . .     SeeInvis .     q - +0 war axe
rCold  . . .     Clarity  .     j - +0 scale mail
rNeg   . . .     SustAt   .     (no shield)
rPois  .         Gourm    .     (no helmet)
rElec  .         Spirit   .     (no cloak)
rCorr  .         Warding  .     (no gloves)
rMut   .         Stasis   .     (no barding)
MR     .....                    (no amulet)
Stlth  ..........               (no ring)
                                l - -4 ring of intelligence (curse)

@: mighty, exhausted, slowed, not resistant to hostile enchantments, extremely
unstealthy
A: hooves 3, deformed body, speed 2, tough skin 3
a: Burn Spellbooks, Berserk, Renounce Religion


You were on level 5 of the Dungeon.
You worshipped Trog.
Trog was aware of your devotion.
You were very hungry.

You visited 1 branch of the dungeon, and saw 6 of its levels.

You collected 56 gold pieces.

Inventory:

Hand weapons
 q - a +0 war axe (weapon)
Armour
 j - a +0 scale mail (worn)
Jewellery
 l - a cursed -4 ring of intelligence (left hand)
Scrolls
 d - a scroll of remove curse {unknown}
 e - a scroll of fog {unknown}
 i - a scroll of recharging {unknown}
Potions
 a - a potion of cancellation {unknown}
 h - a potion of poison {unknown}
 k - a potion of lignification {unknown}
 o - 3 potions of curing {unknown}
 p - a potion of agility {unknown}
Comestibles
 c - 2 bread rations
 f - a beef jerky
 m - 3 chunks of flesh
 n - 3 fruits


   Skills:
 + Level 3.5 Fighting
 * Level 3.9 Axes
 + Level 2.3 Armour
 - Level 1.3 Dodging


You had 3 spell levels left.
You didn't know any spells.

Dungeon Overview and Level Annotations

Branches:
Dungeon (6/15)
 Temple: D:4-7

Altars:
Nemelex Xobeh
Trog
Zin


Innate Abilities, Weirdness & Mutations

You have hooves in place of feet.
Armour fits poorly on your strangely shaped body.
You cover ground very quickly.
You have extremely tough skin (AC +3).


Message History

You feel yourself slow down.
You are feeling very hungry.
The orc warrior hits you but does no damage.
Drink which item? (? for menu, Esc to quit)
It was a potion of might.
You feel very mighty all of a sudden.
The orc warrior hits you with a scimitar!
* * * LOW HITPOINT WARNING * * *
Unknown command.
Drink which item? (? for menu, Esc to quit)
It was a potion of heal wounds.
You feel much better.
The orc warrior hits you with a scimitar.
Unknown command.
You completely miss the orc warrior. You kick the orc warrior.
The orc warrior is almost dead.
The orc warrior hits you with a scimitar!!
Ouch! That really hurt!
* * * LOW HITPOINT WARNING * * *
The orc warrior hits you with a scimitar!
You die...

#.(............#
#.....)........#
###........#######
#..........#
.#........#
#........#
#........#
#o#####..# #@#
≈#.# ##≈≈.≈≈###
≈...≈≈# .._.?≈#
≈...≈≈# ≈≈.≈≈##
#≈.≈## #+##


You could see an orc warrior.

Vanquished Creatures
  An orc wizard (D:5)
  A jelly (D:5)
  A worker ant (D:4)
  2 orcs (D:4)
  A giant cockroach (D:2)
  3 goblins
  3 hobgoblins (D:1)
  4 jackals (D:1)
  2 bats (D:1)
  A kobold (D:1)
  A rat (D:3)
20 creatures vanquished.

Notes
Turn   | Place    | Note
--------------------------------------------------------------
     0 | D:1      | 4thArraOfDagon the Centaur Berserker began the quest for the Orb.
     0 | D:1      | Reached XP level 1. HP: 19/19 MP: 1/1
    30 | D:1      | Reached XP level 2. HP: 26/26 MP: 2/2
   263 | D:2      | You fall through a shaft!
   337 | D:4      | Found a sparkling altar of Nemelex Xobeh.
   348 | D:4      | Reached XP level 3. HP: 31/31 MP: 3/3
   491 | D:5      | Entered Level 5 of the Dungeon
   502 | D:5      | Found a bloodstained altar of Trog.
   509 | D:6      | Found a glowing silver altar of Zin.
   509 | D:6      | Noticed an orc warrior
   512 | D:6      | Noticed a sky beast
   515 | D:5      | Reached XP level 4. HP: 16/38 MP: 4/4
   521 | D:5      | Mangled by an orc warrior

Vault maps used:
D:1:      onia_arrival_pyramid
D:2:      hangedman_decor_diamond_cutter
D:3:      nicolae_ru_great_annihilating_truth
D:4:      serial_shops, nicolae_shop_stone, nemelex_xobeh_ov_fountains_minmay
D:5:      first_bread, kennysheep_small_circle
D:6:      kennysheep_kobold_camp, basic_altar, hangedman_abyss_or_decor_stagger,
          minmay_three_doors

Action                   |  1- 3 |  4- 6 || total
-------------------------+-------+-------++-------
Melee: Hand axe          |    36 |       ||    36
       War axe           |     3 |     4 ||     7
Invok: Berserk           |     3 |       ||     3
  Use: Potion            |       |     2 ||     2
